 Dungeon Crawl Stone Soup version 0.29.1-12-g30fa7ad0bf (webtiles) character file.

Game seed: 11308005891759974779

16834 MisterFreud the Fencer (level 12, -10/117 HPs)
             Began as a Minotaur Berserker on Dec 27, 2022.
             Was a High Priest of Trog.
             Hit by a large rock thrown by a cyclops (21 damage)
             ... on level 12 of the Dungeon.
             The game lasted 00:14:06 (15574 turns).

MisterFreud the Fencer (Minotaur Berserker)        Turns: 15574, Time: 00:14:07

Health: -10/117    AC: 16    Str: 26    XL:     12   Next: 13%
Magic:  11/11      EV: 13    Int:  3    God:    Trog [*****.]
Gold:   677        SH:  0    Dex:  9    Spells: 11/11 levels left

rFire   . . .      SeeInvis .   y - +2 great sword (elec)
rCold   + . .      Faith    .   (shield currently unavailable)
rNeg    . . .      Spirit   .   g - +1 chain mail
rPois   .          Reflect  .   (helmet restricted)
rElec   .          Harm     .   (no cloak)
rCorr   .          Rampage  .   m - +0 pair of gloves
Will    ++...      Rage     50% G - +1 pair of boots
Stlth   ..........              n - necklace of Bloodlust {*Rage Will++ Int-3 Slay+6}
HPRegen 0.29/turn               u - +4 ring of evasion
MPRegen 0.12/turn               E - ring of protection from cold

@: marked, on berserk cooldown, slowed, very slow
A: horns 2, retaliatory headbutt
a: Renounce Religion, Berserk, Trog's Hand, Brothers in Arms


You were on level 12 of the Dungeon.
You worshipped Trog.
Trog was extremely pleased with you.
You visited 1 branch of the dungeon, and saw 12 of its levels.
You also visited: Ossuary.

You collected 677 gold pieces.

Inventory:

Hand Weapons
 a - a +1 spectral falchion
 y - a +2 great sword of electrocution (weapon)
Missiles
 w - 3 throwing nets (quivered)
Armour
 g - a +1 chain mail (worn)
 m - a +0 pair of gloves (worn)
 G - a +1 pair of boots (worn)
Jewellery
 n - the necklace of Bloodlust (around neck) {*Rage Will++ Int-3 Slay+6}
   (You found it on level 2 of the Dungeon)

   [amulet of nothing]

   It extends the wearer's berserk rage when killing foes.
   Int:       It affects your intelligence (-3).
   Slay:      It affects your accuracy & damage with ranged weapons and melee
   (+6).
   *Rage:     It berserks you when you make melee attacks (+50% chance).
   Will:      It greatly increases your willpower.
 u - a +4 ring of evasion (left hand)
 B - an amulet of regeneration
 E - a ring of protection from cold (right hand)
 H - a ring of positive energy
 K - the ring "Litod" {Contam AC+4 Str+7}
   (You found it on level 10 of the Dungeon)

   [ring of protection]

   AC:        It affects your AC (+4).
   Str:       It affects your strength (+7).
   Contam:    It causes magical contamination when unequipped.
Wands
 q - a wand of digging (7)
 D - a wand of roots (13)
 I - a wand of acid (5)
 J - a wand of paralysis (4)
Scrolls
 c - 2 scrolls of blinking
 h - 5 scrolls of poison
 o - 4 scrolls of fear
 r - 4 scrolls of teleportation
 s - 2 scrolls of enchant weapon
 t - 3 scrolls of enchant armour
 C - a scroll of summoning
 F - a scroll of silence
 L - a scroll of identify
Potions
 b - a potion of berserk rage
 d - 3 potions of might
 e - 4 potions of degeneration
 f - 5 potions of flight
 i - a potion of ambrosia
 j - 2 potions of heal wounds
 k - 2 potions of mutation
 l - 7 potions of curing
 p - 2 potions of cancellation
 v - 4 potions of haste
 x - 4 potions of lignification
 z - 3 potions of attraction
 A - 2 potions of resistance


   Skills:
 + Level 14.1 Fighting
 + Level 17.0 Long Blades
 - Level 10.0 Armour
 - Level 2.1 Dodging


You had 11 spell levels left.
You didn't know any spells.
Your spell library was empty.

Dungeon Overview and Level Annotations

Branches:
Dungeon (12/15)            Temple (0/1) D:5            Lair (0/5) D:8
Ossuary (visited)
    Orc: D:9-12

Altars:
Elyvilon
Fedhas
Gozag
Qazlal
Sif Muna
Uskayaw
Vehumet
Xom
Yredelemnul

Shops:
D:4 *   D:8 !

Annotations:
D:10 1 runed translucent door, ioannis32's ghost, novice DsBe


Innate Abilities, Weirdness & Mutations

You have a pair of horns on your head.
You reflexively headbutt those who attack you in melee.


Message History

The fire elemental disappears in a puff of smoke!
The fire elemental misses you. You furiously retaliate!
You headbutt the fire elemental!
The deep elf pyromancer gestures at you while chanting.
The bolt of fire misses you.
The bolt of fire hits the fire elemental.
The fire elemental completely resists.
You feel a strong urge to attack something.
A sourceless malevolence fills the Dungeon...
With a horrendous wail, an alarm goes off!
A sentinel's mark forms upon you.
You hear a shout! x8; You hear a howl!
You hear a shout! x5
The deep elf pyromancer points at you and mumbles some strange words.
The bolt of fire hits you!!
* * * LOW HITPOINT WARNING * * *
A cyclops comes into view.
You are too berserk!
Unknown command.
You are too berserk!
Unknown command.
You miss the fire elemental.
Your headbutt misses the fire elemental.
The fire elemental is severely damaged.
The deep elf pyromancer gestures wildly while chanting.
The deep elf pyromancer blinks!
An orc wizard comes into view. It is wielding a +0 dagger.
The fire elemental hits you. The fire elemental burns you!
* * * LOW HITPOINT WARNING * * *
You slash the fire elemental!
The necklace of Bloodlust glows a violent red.
You destroy the fire elemental!
The fire elemental disappears in a puff of smoke!
Unknown command.
You feel a strong urge to attack something.
You feel your anger nearly subside.
You are no longer berserk.
You are exhausted.
You feel yourself slow down.
There is a stone staircase leading down here.
The cyclops throws a large rock.
The large rock hits you!!
You die...

......#######.#
..............#
.....[.>......#
..............####
......$........[..
#.................#
#.................#
....##......#######
... #.....@#
..........#
..............
...oC##........#
..... #......###
..... .......# ....
........#
.........#


You could see a cyclops and an orc wizard.

Vanquished Creatures
  A centaur warrior (D:11)
  2 two-headed ogres
  A deep elf pyromancer (D:12)
  Psyche (D:8)
  2 unseen horrors (D:11)
  6 trolls
  3 slime creatures (D:12)
  A hornet (D:9)
  2 wyverns
  A wraith (D:10)
  A vampire (D:10)
  20 yaks
  The ghost of StrungSween10 the Thaumaturge, an amateur GnWn of the Shining One (D:3)
  3 steam dragons
  3 acid dragons (D:11)
  Duvessa (D:7)
  3 wargs (D:8)
  A water moccasin (D:7)
  8 orc warriors
  An ice beast (D:7)
  2 sky beasts
  5 centaurs
  4 ogres
  A phantom (D:6)
  3 kobold brigands
  4 bullfrogs
  An elf zombie (D:8)
  3 gnoll sergeants
  3 necrophages
  2 elf skeletons (D:8)
  14 wights
  13 scorpions
  Dowan (D:7)
  4 killer bees (D:8)
  8 howler monkeys
  A centaur zombie (Ossuary)
  3 human zombies
  A gnoll bouda (D:6)
  A jelly (D:7)
  18 orc priests
  10 hounds
  A human skeleton (D:8)
  4 scorpion zombies (Ossuary)
  5 iguanas
  12 orc wizards
  3 mummies (Ossuary)
  10 gnolls
  5 adders
  A shadow imp (D:6)
  3 white imps
  An ufetubus (D:5)
  2 worms
  A dart slug (D:1)
  37 orcs
  7 ball pythons
  9 bats
  6 endoplasms
  4 giant cockroaches
  3 goblins
  6 hobgoblins
  14 jackals
  5 quokkas
  5 frilled lizards
  2 gnoll zombies (Ossuary)
  3 goblin zombies (Ossuary)
  2 hobgoblin zombies (Ossuary)
  15 kobolds
  A kobold zombie (Ossuary)
  An orc skeleton (D:8)
  2 orc zombies (Ossuary)
  4 rats
  A spectral goblin (D:1)
339 creatures vanquished.

Vanquished Creatures (others)
  4 plants (D:6)
4 creatures vanquished.

Grand Total: 343 creatures vanquished

Notes
Turn   | Place    | Note
-------+----------+-------------------------------------------
     0 | D:1      | MisterFreud the Minotaur Berserker began the quest for the
                  | Orb.
     0 | D:1      | Reached XP level 1. HP: 19/19 MP: 0/0
    61 | D:1      | Reached skill level 4 in Long Blades
    72 | D:1      | Reached XP level 2. HP: 11/26 MP: 1/1
   549 | D:1      | Reached skill level 5 in Long Blades
   634 | D:1      | Reached ** piety under Trog
   637 | D:1      | Reached XP level 3. HP: 33/33 MP: 2/2
   659 | D:1      | Found a faded altar of an unknown god.
  1429 | D:2      | Found the necklace of Bloodlust {*Rage Will++ Int-3 Slay+6}
  2216 | D:3      | Reached XP level 4. HP: 40/40 MP: 3/3
  2279 | D:3      | Noticed an ogre
  2284 | D:3      | Killed an ogre
  2285 | D:3      | Reached XP level 5. HP: 32/47 MP: 4/4
  2550 | D:3      | Found a runed translucent door.
  2553 | D:3      | Noticed StrungSween10's ghost (amateur GnWn)
  3114 | D:3      | Killed StrungSween10's ghost
  3115 | D:3      | Reached skill level 5 in Fighting
  3115 | D:3      | Reached skill level 6 in Long Blades
  3115 | D:3      | Reached XP level 6. HP: 35/56 MP: 5/5
  3538 | D:4      | Reached skill level 5 in Armour
  4097 | D:4      | Reached skill level 7 in Long Blades
  4097 | D:4      | Reached XP level 7. HP: 54/63 MP: 6/6
  4193 | D:4      | Found Qiyjat's Overcharged Wands.
  4507 | D:5      | Entered Level 5 of the Dungeon
  4737 | D:5      | Reached *** piety under Trog
  4838 | D:5      | Found a blossoming altar of Fedhas.
  4871 | D:5      | Reached skill level 8 in Long Blades
  4915 | D:5      | Found a hide-covered altar of Uskayaw.
  4918 | D:5      | Found a shimmering blue altar of Sif Muna.
  4921 | D:5      | Found an opulent altar of Gozag.
  4924 | D:5      | Found a basalt altar of Yredelemnul.
  5099 | D:5      | Found a staircase to the Ecumenical Temple.
  5228 | D:6      | Reached skill level 9 in Long Blades
  5374 | D:6      | Reached XP level 8. HP: 70/70 MP: 7/7
  5378 | D:6      | Reached skill level 10 in Long Blades
  6058 | D:6      | Reached XP level 9. HP: 82/82 MP: 8/8
  6192 | D:6      | Reached **** piety under Trog
  6252 | D:6      | Noticed a troll
  6259 | D:6      | Killed a troll
  6877 | D:6      | Reached skill level 10 in Fighting
  7441 | D:6      | Reached skill level 10 in Armour
  7584 | D:7      | Noticed Duvessa
  7586 | D:7      | Noticed Dowan
  7591 | D:7      | Killed Duvessa
  7596 | D:7      | Killed Dowan
  7597 | D:7      | Reached skill level 11 in Long Blades
  7735 | D:7      | Identified a scroll of acquirement
  7735 | D:7      | Acquired a +2 great sword of electrocution
  8008 | D:7      | Reached XP level 10. HP: 93/93 MP: 9/9
  8110 | D:7      | Found a white marble altar of Elyvilon.
  8823 | D:8      | Reached skill level 12 in Long Blades
  8841 | D:8      | Found Bastres's Distillery.
  9117 | D:8      | Found a sand-covered staircase.
  9125 | Ossuary  | Entered an ossuary
  9353 | Ossuary  | Reached ***** piety under Trog
  9505 | Ossuary  | Reached skill level 13 in Long Blades
  9787 | D:8      | Found a stormy altar of Qazlal.
  9895 | D:8      | Found a staircase to the Lair.
  9992 | D:8      | Noticed Psyche
 10014 | D:8      | Killed Psyche
 10015 | D:8      | Reached skill level 14 in Long Blades
 11182 | D:9      | Reached XP level 11. HP: 93/95 MP: 10/10
 11395 | D:9      | Received a gift from Trog
 11618 | D:9      | Reached skill level 15 in Long Blades
 12092 | D:9      | Noticed a two-headed ogre
 12097 | D:9      | Killed a two-headed ogre
 12200 | D:10     | Entered Level 10 of the Dungeon
 12582 | D:10     | Noticed ioannis32's ghost (novice DsBe)
 12585 | D:10     | Found a runed translucent door.
 12848 | D:10     | Found a radiant altar of Vehumet.
 12848 | D:10     | Found a shimmering altar of Xom.
 12872 | D:10     | Noticed a two-headed ogre
 12887 | D:10     | Killed a two-headed ogre
 13603 | D:10     | Identified the ring "Litod" {Contam AC+4 Str+7}
 13772 | D:11     | Noticed a centaur warrior
 13907 | D:11     | Killed a centaur warrior
 13908 | D:11     | Reached skill level 16 in Long Blades
 15138 | D:12     | Reached XP level 12. HP: 70/116 MP: 11/11
 15503 | D:12     | Received a gift from Trog
 15504 | D:12     | Reached skill level 17 in Long Blades
 15574 | D:12     | Hit by a large rock thrown by a cyclops

Illustrated notes

Levels and vault maps discovered:
D:1:      dpeg_arrival_simpleton_a, layout_rooms,
          dreamdust_ecumenical_altar_drowned_temple
D:2:      layout_loops_corners, serial_aquarium, aquarium_bridge_straight
          [aquarium_subvault_bridge, aquarium_subvault_wall,
          aquarium_subvault_bridge, aquarium_subvault_balcony],
          aquarium_window_corridor_1, aquarium_window_fake, aquarium_window_2,
          aquarium_window_1, aquarium_view_2d
D:3:      layout_loops_corners, ebering_ghost_sewer_d, hex_medium
D:4:      layout_basic, nicolae_shop_overcharged_wands
D:5:      layout_basic, mainiacjoe_overflow_catwalk,
          grunt_temple_overflow_cloverleaf, minmay_temple_entry_mist
D:6:      lemuel_castle_with_subvaults [lemuel_castle_interior_original],
          layout_loops_ring, corexii_hall_statues_t
D:7:      layout_layer_cave, elyvilon_altar_3, st_stairs_13, uniq_duvessa
D:8:      layout_loops_corners, general_overflow_altar,
          erik_lair_orcish_takeover, serial_shops, nicolae_diamond_shop,
          nicolae_ossuary_entry_catacombs, uniq_psyche
D:9:      layout_loops_cross, grunt_ogre_cave, kennysheep_flooded_box
D:10:     layout_basic, gammafunk_temple_overflow_pools,
          hellmonk_ghost_happy_afterlife
D:11:     layout_rooms, grunt_ministairs_15
D:12:     layout_irregular_city, erik_orc_4

Skill      XL: |  1  2  3  4  5  6  7  8  9 10 11 12 |
---------------+-------------------------------------+-----
Long Blades    | 4 5 6 7 9 10 11 14 16 17 | 17.0
Fighting       | 4 5 6 8 10 11 13 14 | 14.1
Armour         | 3 4 5 7 10 | 10.0
Dodging        | |  2.1

Action                   |  1- 3 |  4- 6 |  7- 9 | 10-12 || total
-------------------------+-------+-------+-------+-------++-------
Melee: Falchion          |   111 |   107 |   234 |       ||   452
       Headbutt          |    19 |    22 |    54 |    64 ||   159
       Punch             |     2 |       |     1 |       ||     3
       Great sword       |       |       |     5 |   322 ||   327
Invok: Berserk           |       |     1 |       |       ||     1
  Use: Scroll            |    10 |     6 |     8 |     4 ||    28
       Potion            |       |     1 |     1 |     1 ||     3
 Stab: Distracted        |       |       |     1 |       ||     1
Armor: Animal skin       |    16 |       |       |       ||    16
       Chain mail        |    38 |    42 |    80 |   230 ||   390
Dodge: Dodged            |    77 |    36 |   103 |   207 ||   423
